 Dungeon Crawl Stone Soup version 0.27-a0-676-gc1da3516c2 (webtiles) character file.

Game seed: 11000696351900219382

121 KristoblXynda the Slasher (level 4, -4/38 HPs)
             Began as a Draconian Gladiator on Mar 18, 2021.
             Shot with a stone by a goblin (5 damage)
             ... led by Robin
             ... on level 3 of the Dungeon.
             The game lasted 00:02:00 (2268 turns).

KristoblXynda the Slasher (Draconian Gladiator)     Turns: 2268, Time: 00:02:01

Health: -4/38      AC:  5    Str: 16    XL:     4   Next: 76%
Magic:  4/4        EV: 13    Int:  9    God:
Gold:   46         SH:  0    Dex: 13    Spells: 3/3 levels left

rFire    . . .     SeeInvis .   a - +0 long sword
rCold    . . .     Faith    .   (no shield)
rNeg     . . .     Spirit   .   (armour unavailable)
rPois    .         Reflect  .   b - +0 hat
rElec    .         Harm     .   (no cloak)
rCorr    .         Rampage  .   (no gloves)
Will     .....                  (no boots)
Stlth    +.........             (no amulet)
HPRegen  0.12/turn              (no ring)
MPRegen  0.09/turn              (no ring)

@: no status effects
A: AC +5, unfitting armour, cold-blooded
a: no special abilities


You were on level 3 of the Dungeon.
You visited 1 branch of the dungeon, and saw 3 of its levels.

You collected 46 gold pieces.

Inventory:

Hand Weapons
 a - a +0 long sword (weapon)
Missiles
 c - 3 throwing nets (quivered)
Armour
 b - a +0 hat (worn)
Jewellery
 i - an amulet of regeneration
 k - a ring of see invisible
Scrolls
 d - a scroll of blinking {unknown}
 f - a scroll of fog {unknown}
 j - a scroll of enchant armour {unknown}
Potions
 e - a potion of lignification {unknown}
 g - 2 potions of heal wounds {unknown}
 h - a potion of brilliance {unknown}
 l - a potion of flight {unknown}


   Skills:
 + Level 3.2 Fighting
 * Level 4.4 Long Blades
 - Level 2.0 Throwing
 + Level 3.4 Dodging


You had 3 spell levels left.
You didn't know any spells.
Your spell library was empty.

Dungeon Overview and Level Annotations

Branches:
Dungeon (3/15)

Altars:
Nemelex Xobeh
Xom

Annotations:
D:3 Robin


Innate Abilities, Weirdness & Mutations

Your plain brown scales are hard. (AC +5)
You cannot fit into any form of body armour.
You are cold-blooded and may be slowed by cold attacks.


Message History

You feel sick. The goblin completely misses you.
The hobgoblin no longer looks unusually strong.
The goblin wields a +0 hunting sling.
The goblin shoots a stone.
The stone hits you.
A goblin comes into view. It is wielding a +0 club.
Things that are here:
a +0 club; a hobgoblin corpse You feel sick.
The hobgoblin no longer looks unusually strong.
The goblin no longer looks unusually strong. x3
The goblin shoots a stone.
The stone hits you.
The goblin shoots a stone.
The stone hits you.
* * * LOW HITPOINT WARNING * * *
You feel sick.
The goblin shoots a stone.
The stone hits you.
* * * LOW HITPOINT WARNING * * *
Robin roars a battlecry!
You feel sick.
There is an open door here.
You feel sick.
You feel sick.
You are no longer poisoned.
You see here a +0 club.
The goblin shoots a stone.
The stone barely misses you.
There is an open door here.
A goblin comes into view. It is wielding a +0 dagger.
The goblin shouts!
The goblin hits you with a +0 dagger.
* * * LOW HITPOINT WARNING * * *
The goblin barely misses you.
You slash the goblin!
You kill the goblin!
Things that are here:
a +0 dagger; a goblin corpse The goblin shoots a stone.
The stone hits you.
* * * LOW HITPOINT WARNING * * *
The goblin shoots a stone.
The stone barely misses you.
There is an open door here.
There is a stone staircase leading up here.
The goblin shoots a stone.
The stone hits you.
You die...

#..# #..# #..# #..#
##############..#
###......#)...g.###
.........#...)..#
#......#......########
#....@.'..............
#...[.)###############
#......# #......#
########


You could see a goblin.

Vanquished Creatures
  Jessica (D:2)
  4 adders (D:2)
  A worm (D:2)
  An orc (D:3)
  8 bats (D:1)
  A giant cockroach (D:1)
  12 goblins
  8 hobgoblins
  4 kobolds (D:1)
  2 quokkas
  4 frilled lizards
  5 rats
51 creatures vanquished.

Vanquished Creatures (others)
  2 fungi (D:3)
2 creatures vanquished.

Grand Total: 53 creatures vanquished

Notes
Turn   | Place    | Note
-------+----------+-------------------------------------------
     0 | D:1      | KristoblXynda the Draconian Gladiator began the quest for
                  | the Orb.
     0 | D:1      | Reached XP level 1. HP: 17/17 MP: 1/1
    15 | D:1      | Noticed a minotaur zombie
    15 | D:1      | Noticed a merfolk zombie
    19 | D:1      | Noticed a minotaur zombie
   309 | D:1      | Reached XP level 2. HP: 20/25 MP: 2/2
  1020 | D:1      | Reached XP level 3. HP: 18/30 MP: 3/3
  1476 | D:2      | Found a sparkling altar of Nemelex Xobeh.
  1476 | D:2      | Noticed Jessica
  1477 | D:2      | Killed Jessica
  1486 | D:2      | Reached skill level 4 in Long Blades
  1486 | D:2      | Reached XP level 4. HP: 35/38 MP: 4/4
  1922 | D:2      | Found a shimmering altar of Xom.
  2203 | D:3      | Noticed Robin
  2264 | D:3      | HP: 1/38 [goblin/stone[Robin] (4)]
  2268 | D:3      | Shot with a stone by a goblin

Illustrated notes

Levels and vault maps discovered:
D:1:      shiori_arrival_whats_in_store_for_you, layout_loops_ring,
          minmay_heptomino_h4
D:2:      layout_basic, nemelex_xobeh_ov_fountains_minmay, xom_teletrap_fun,
          uniq_jessica
D:3:      layout_basic, chequers_temple_overflow_statue_of_worship,
          serial_shops, shop, shop_fountains, shop, uniq_terence, uniq_grinder,
          uniq_crazy_yiuf_cottage, uniq_robin

Skill      XL: |  1  2  3 |
---------------+----------+-----
Throwing       | 2 |  2.0
Dodging        | 3 |  3.4
Fighting       | 3 |  3.2
Long Blades    | 4 |  4.4

Action                   |  1- 3 |  4- 6 || total
-------------------------+-------+-------++-------
Melee: Long sword        |    73 |    47 ||   120
       Tailslap          |    10 |     2 ||    12
 Stab: Sleeping          |     3 |       ||     3
Armor: Skin              |    18 |    12 ||    30
Dodge: Dodged            |    58 |    55 ||   113
       Rpst.: Long sword |    24 |     7 ||    31

Table legend: (Time is in decaauts)
 A = Elapsed time spent in this place.
 B = Non-inter-level travel time spent in this place.
 C = Inter-level travel time spent in this place.
 D = Time resting spent in this place.
 E = Time spent auto-exploring this place.
 F = Levels seen in this place.
 G = Mean time per level.
                   A        B        C        D        E       F      G
               +--------+--------+--------+--------+--------+-----+--------+
         Total |   2293 |   2259 |     34 |    664 |   1234 |   3 |  764.3 |
       Dungeon |   2293 |   2259 |     34 |    664 |   1234 |   3 |  764.3 |
               +--------+--------+--------+--------+--------+-----+--------+

Top non-repeatable levels by time:
     D:1: 1492 daAuts
     D:2: 673 daAuts
     D:3: 128 daAuts
